 Dungeon Crawl Stone Soup version 0.30.0-7-g0c4daa9e05 (webtiles) character file.

Game seed: 4608734323513098452

56 libidonplus the Shooter (level 3, -1/36 HPs)
             Began as an Ogre Hunter on May 13, 2023.
             Slain by a gnoll
             ... wielding a +0 flail
              (8 damage)
             ... on level 1 of the Dungeon.
             The game lasted 00:04:31 (1490 turns).

libidonplus the Shooter (Ogre Hunter)               Turns: 1490, Time: 00:04:32

Health: -1/36      AC:  3    Str: 15    XL:     3   Next: 97%
Magic:  3/3        EV: 10    Int: 10    God:
Gold:   62         SH:  0    Dex: 14    Spells: 2/2 levels left

rFire   . . .        a - +0 shortbow
rCold   . . .        (shield currently unavailable)
rNeg    . . .        c - +0 robe
rPois   .            (helmet restricted)
rElec   .            (no cloak)
rCorr   .            (gloves unavailable)
SInv    .            (boots unavailable)
Will    .....        (no amulet)
Stlth   ++           (no ring)
HPRegen 0.26/turn    (no ring)
MPRegen 0.08/turn

%: no passive effects
@: no status effects
A: large, unfitting armour, tough skin 1
a: no special abilities


You were on level 1 of the Dungeon.
You visited 1 branch of the dungeon, and saw 2 of its levels.

You collected 62 gold pieces.

Inventory:

Hand Weapons
 a - a +0 shortbow (weapon)
Missiles
 d - 29 stones
Armour
 c - a +0 robe (worn)
Jewellery
 h - a ring of ice
Scrolls
 b - a scroll of immolation
 j - a scroll of vulnerability {unknown}
Potions
 f - a potion of resistance
 g - a potion of lignification
 i - a potion of flight {unknown}


   Skills:
 - Level 2.6 Fighting
 * Level 3.7 Ranged Weapons
 + Level 2.5 Dodging
 - Level 0.6 Stealth


You had 2 spell levels left.
You didn't know any spells.
Your spell library contained the following spells:

 Spells                   Type           Power      Damage    Failure   Level
 Ozocubu's Armour         Ice            0%         N/A       75%         3
 Ozocubu's Refrigeration  Ice            0%         4d7       100%        7


Dungeon Overview and Level Annotations

Branches:
Dungeon (2/15)

Altars:

Shops:
D:1 ::

Annotations:
D:1 exclusion: downstairs


Innate Abilities, Weirdness & Mutations

You are too large for most types of armour.
You have tough skin. (AC +1)


Message History

You shoot an arrow. The arrow hits the kobold.
You kill the kobold!
No target in view!
d - 29 stones (gained 2)
Things that are here:
a +0 dagger; a kobold corpse
Found a stone staircase leading up.
Adjust (i)tems, (s)pells, or (a)bilities?
a - a +0 shortbow (weapon)
Adjust to which letter? (? for menu, Esc to quit)
Okay, then.
Unknown command.
Unknown command.
There is a stone staircase leading up here.
You shoot an arrow.
The arrow hits the gnoll but does no damage.
You shoot an arrow. The arrow barely misses the gnoll.
You shoot an arrow. The arrow hits the gnoll.
The gnoll is moderately wounded.
There is a stone staircase leading up here.
You shoot an arrow.
The arrow hits the gnoll but does no damage.
The gnoll is moderately wounded.
The gnoll hits you with a +0 flail!
You climb upwards.
Level annotation: exclusion: downstairs
There is a stone staircase leading down here.
You shoot an arrow. The arrow barely misses the gnoll.
The gnoll closely misses you.
You shoot an arrow.
The arrow hits the gnoll but does no damage.
The gnoll is moderately wounded.
The gnoll hits you with a +0 flail. The gnoll hits you with a +0 flail!
You are too injured to fight recklessly!
The gnoll hits you with a +0 flail. The gnoll attacks as you move away!
The gnoll misses you. The gnoll attacks as you move away!
The gnoll hits you with a +0 flail.
* * * LOW HITPOINT WARNING * * *
The gnoll attacks as you move away! The gnoll hits you with a +0 flail!
You die...

###### #....######
# #.........### #
#........>'.## #
#.........#..# #
#########.##.# #
#.##.# # #g##.# #
#@##.##### #
#.##.....# #
#.###....# #
#........#########
#.######..........
#.# #.#########
#.# #.# #
#.######.# #
#........# #


You could see a gnoll.

Vanquished Creatures
  2 adders (D:2)
  A gnoll (D:1)
  4 ball pythons
  7 endoplasms
  3 hobgoblins (D:1)
  A quokka (D:2)
  4 bats
  4 kobolds
  3 rats
29 creatures vanquished.

Notes
Turn   | Place    | Note
-------+----------+-------------------------------------------
     0 | D:1      | libidonplus the Ogre Hunter began the quest for the Orb.
     0 | D:1      | Reached XP level 1. HP: 22/22 MP: 1/1
    40 | D:1      | Reached skill level 3 in Ranged Weapons
   109 | D:1      | Found a faded altar of an unknown god.
   220 | D:1      | Reached XP level 2. HP: 26/29 MP: 2/2
   276 | D:1      | Found Liaraet's Book Emporium.
   335 | D:1      | Found Hefo's Vocational Training.
   752 | D:1      | Reached XP level 3. HP: 7/36 MP: 3/3
  1490 | D:1      | Slain by a gnoll

Illustrated notes

Levels and vault maps discovered:
D:1:      psy_arrival_statuary, layout_basic,
          dreamdust_ecumenical_altar_hidden_monk_grotto, serial_shops, shop,
          nicolae_shop_vocational
D:2:      layout_loops_ring, nicolae_figureground_sparkle

Skill      XL: |  1 |
---------------+----+-----
Ranged Weapons | 3 |  3.7
Dodging        | 2 |  2.5
Fighting       | |  2.6
Stealth        | |  0.6

Action                     || total
---------------------------++-------
   Fire: Shortbow          ||    87
    Use: Potion            ||     1
         Scroll            ||     2
 Armour: Robe              ||    21
  Dodge: Dodged            ||    25
